 Dungeon Crawl Stone Soup version 0.29.1 (webtiles) character file.

Game seed: 7428092065778735573

1666441 greasedhog the Conqueror (level 26, 189/189 (193) HPs)
             Began as a Gargoyle Wanderer on Sept 12, 2022.
             Was an Elder of Okawaru.
             Escaped with the Orb
             ... and 3 runes!
             The game lasted 02:19:15 (66808 turns).

greasedhog the Conqueror (Gargoyle Wanderer)       Turns: 66808, Time: 02:19:15

HP:   189/189 (193) AC: 69    Str: 36 (38) XL:     26   Next: 75%
MP:   28/28         EV: 14    Int: 29      God:    Okawaru [****..]
Gold: 2448          SH: 10    Dex: 10 (12) Spells: 25/25 levels left

rFire   + + .      SeeInvis .   l - +3 sacred scourge (holy)
rCold   + + +      Faith    .   x - +3 warlock's mirror {reflect}
rNeg    + . .      Spirit   .   n - +10 gold dragon scales
rPois   ∞          Reflect  +   Q - +2 helmet of the Ace of Swords {rPois Str+2 Int+4}
rElec   +          Harm     .   O - scarf {rC+ rF+}
rCorr   +          Rampage  .   J - +1 pair of gloves of Untold Secrets {Slay+3}
Will    +++..      Rage     9%  S - +5 pair of boots of Serendipity {+Inv rCorr Int+4}
Stlth   .......... Rnd*Tele +   X - amulet "Eblial" {+Blink Regen+}
HPRegen 1.21/turn               P - ring of Ascent {Will+ Str+6 Int+7}
MPRegen 0.21/turn               L - ring "Asung" {rC+ rCorr Str+6 Stlth+}

@: flying, lightly drained
A: sickness immunity, AC +20, big wings, negative energy resistance 1,
electricity resistance, torment resistance 1, petrification resistance, berserk
2, clever 1, deterioration 1, low MP 1, strong-willed 1, inhibited regeneration,
teleportitis 1, weak 1, inability to read after injury 1, devolution 1
0: Orb of Zot
}: 3/15 runes: decaying, silver, gossamer
a: Renounce Religion, Evoke Blink, Evoke Invisibility, Heroism, Finesse


You escaped.
You worshipped Okawaru.
Okawaru was greatly pleased with you.
You visited 9 branches of the dungeon, and saw 45 of its levels.
You visited the Abyss 2 times.
You also visited: Gauntlet.

You collected 5829 gold pieces.
You spent 3381 gold pieces at shops.

Inventory:

Hand Weapons
 a - a +6 demon whip of electrocution
 l - a +3 sacred scourge of holy wrath (weapon)
Missiles
 I - 2 throwing nets (quivered)
Armour
 n - +10 gold dragon scales (worn)
 x - the +3 warlock's mirror (worn) {reflect}
   (You found it on level 11 of the Dungeon)

   It can block and reflect piercing ranged attacks and magical attacks against
   the wielder's willpower.
 J - the +1 pair of gloves of Untold Secrets (worn) {Slay+3}
   (Okawaru gifted it to you on level 11 of the Dungeon)

   Slay:      It affects your accuracy & damage with ranged weapons and melee
   (+3).
 O - a scarf of resistance (worn)
 Q - the +2 helmet of the Ace of Swords (worn) {rPois Str+2 Int+4}
   (You found it on level 5 of the Vaults)

   Str:       It affects your strength (+2).
   Int:       It affects your intelligence (+4).
   rPois:     It protects you from poison.
 S - the +5 pair of boots of Serendipity (worn) {+Inv rCorr Int+4}
   (Okawaru gifted it to you on level 1 of the Spider Nest)

   Int:       It affects your intelligence (+4).
   +Inv:      It lets you turn invisible.
   rCorr:     It protects you from acid and corrosion.
Jewellery
 i - a ring of protection from cold
 u - an amulet of magic regeneration
 F - a ring of protection from fire
 L - the ring "Asung" (right hand) {rC+ rCorr Str+6 Stlth+}
   (You found it on level 3 of the Spider Nest)

   [ring of strength]

   Str:       It affects your strength (+6).
   rC:        It protects you from cold.
   rCorr:     It protects you from acid and corrosion.
   Stlth:     It makes you more stealthy.
 M - a ring of willpower
 P - the ring of Ascent (left hand) {Will+ Str+6 Int+7}
   (You found it on level 1 of the Depths)

   [ring of strength]

   Str:       It affects your strength (+6).
   Int:       It affects your intelligence (+7).
   Will:      It increases your willpower.
 X - the amulet "Eblial" (around neck) {+Blink Regen+}
   (You found it on level 2 of the Vaults)

   [amulet of regeneration]

   +Blink:    It lets you blink.
   Regen:     It increases your rate of health regeneration.
Wands
 o - a wand of roots (24)
 q - a wand of mindburst (4)
 A - a wand of digging (19)
 G - a wand of flame (83)
 K - a wand of polymorph (40)
 N - a wand of acid (18)
Scrolls
 b - a scroll of brand weapon
 e - 3 scrolls of silence
 f - 14 scrolls of immolation
 p - 12 scrolls of teleportation
 w - 10 scrolls of amnesia
 y - 7 scrolls of fog
 R - 4 scrolls of magic mapping
 U - 3 scrolls of poison
 Z - 4 scrolls of fear
Potions
 c - 8 potions of lignification
 d - 9 potions of attraction
 h - 2 potions of resistance
 j - 8 potions of brilliance
 m - a potion of invisibility
 r - 6 potions of curing
 t - a potion of might
 B - 3 potions of ambrosia
 C - a potion of berserk rage
 E - 4 potions of cancellation
 T - 8 potions of magic
Miscellaneous
 s - a condenser vane
 V - a lightning rod (4/4)


   Skills:
 O Level 27 Fighting
 - Level 12.2 Maces & Flails
 * Level 24.5 Armour
 * Level 21.4 Dodging
 - Level 1.1 Stealth
 - Level 15.0 Shields
 - Level 12.0 Invocations
 - Level 14.0 Evocations


You had 25 spell levels left.
You didn't know any spells.
Your spell library contained the following spells:

 Spells                   Type           Power      Damage    Failure   Level
 Apportation              Tloc           0%         N/A       52%         1
 Foxfire                  Conj/Fire      0%         2x1d4     52%         1
 Freeze                   Ice            0%         1d3       52%         1
 Necrotise                Necr           0%         1d4       52%         1
 Sting                    Tmut/Pois      0%         1d3       52%         1
 Blink                    Tloc           0%         N/A       65%         2
 Poisonous Vapours        Pois/Air       0%         N/A       65%         2
 Static Discharge         Conj/Air       0%         3-3/arc   65%         2
 Confusing Touch          Hex            0%         N/A       87%         3
 Conjure Flame            Conj/Fire      0%         6-21      87%         3
 Dazzling Flash           Conj/Hex       0%         N/A       87%         3
 Frozen Ramparts          Ice            0%         1d1       87%         3
 Ignite Poison            Fire/Tmut/Pois 0%         N/A       87%         3
 Inner Flame              Hex/Fire       0%         N/A       87%         3
 Lesser Beckoning         Tloc           0%         N/A       87%         3
 Mephitic Cloud           Conj/Pois/Air  0%         N/A       87%         3
 Portal Projectile        Hex/Tloc       0%         N/A       87%         3
 Spider Form              Tmut/Pois      0%         N/A       87%         3
 Vampiric Draining        Necr           0%         2d6       87%         3
 Airstrike                Air            0%         2d(0-16)  99%         4
 Anguish                  Hex/Necr       0%         N/A       99%         4
 Corpse Rot               Necr/Pois/Air  0%         N/A       99%         4
 Dispel Undead            Necr           0%         3d6       99%         4
 Flame Wave               Conj/Fire      0%         2d4       99%         4
 Fulminant Prism          Conj/Hex       0%         3d6       99%         4
 Hailstorm                Conj/Ice       0%         3d3       99%         4
 Iskenderun's Mystic Bla  Conj/Tloc      0%         2d3       99%         4
 Leda's Liquefaction      Hex/Erth       0%         N/A       99%         4
 Olgreb's Toxic Radiance  Pois           0%         N/A       99%         4
 Sticky Flame             Conj/Fire      0%         2d3       99%         4
 Agony                    Necr           0%         N/A       100%        5
 Alistair's Intoxication  Tmut/Pois      0%         N/A       100%        5
 Blade Hands              Tmut           0%         N/A       100%        5
 Borgnjor's Vile Clutch   Necr/Erth      0%         N/A       100%        5
 Fireball                 Conj/Fire      0%         3d3       100%        5
 Freezing Cloud           Conj/Ice/Air   0%         6-21      100%        5
 Irradiate                Conj/Tmut      0%         3d11      100%        5
 Iskenderun's Battlesphe  Conj           0%         2d6       100%        5
 Lee's Rapid Deconstruct  Erth           0%         3d5*      100%        5
 Lightning Bolt           Conj/Air       0%         1d11      100%        5
 Manifold Assault         Tloc           0%         N/A       100%        5
 Yara's Violent Unravell  Hex/Tmut       0%         3d3       100%        5
 Dispersal                Tloc           0%         N/A       100%        6
 Iron Shot                Conj/Erth      0%         9d1       100%        6
 Starburst                Conj/Fire      0%         6d3       100%        6
 Dragon Form              Tmut           0%         N/A       100%        7
 Enfeeble                 Hex            0%         N/A       100%        7
 Borgnjor's Revivificati  Necr           0%         N/A       100%        8
 Disjunction              Tloc           0%         N/A       100%        8
 Ignition                 Fire           0%         3d3       100%        8
 Maxwell's Capacitive Co  Air            0%         ∞         100%        8
 Summon Small Mammal      Summ           Unusable   N/A       N/A         1
 Call Canine Familiar     Summ           Unusable   N/A       N/A         3
 Animate Armour           Summ/Erth      Unusable   N/A       N/A         4
 Summon Lightning Spire   Summ/Air       Unusable   N/A       N/A         4
 Death Channel            Necr           Unusable   N/A       N/A         6
 Simulacrum               Ice/Necr       Unusable   N/A       N/A         6
 Spellforged Servitor     Conj/Summ      Unusable   N/A       N/A         7

Dungeon Overview and Level Annotations

Branches:
Dungeon (15/15)            Temple (1/1) D:7            Lair (5/5) D:11
  Swamp (4/4) Lair:2       Spider (4/4) Lair:3        Slime (0/5) Lair:4
    Orc (2/2) D:10            Elf (0/3) Orc:2        Vaults (5/5) D:14
  Crypt (0/3) Vaults:2     Depths (4/4) D:15            Zot (5/5) Depths:4
Gauntlet (visited)

Altars:
Ashenzari
Dithmenos
Gozag
Hepliaklqana
Kikubaaqudgha
Okawaru
Ru
Trog
Xom
Zin
Jiyva

Shops:
D:13 (   Orc:2 [[(:   Vaults:2 ?   Vaults:4 *   Zot:5 *   Depths:1 :
Depths:3 **

Portals:
Hell: Depths:1 Depths:2 Depths:3 Depths:4
Abyss: Depths:1 Depths:2 Depths:3
Pandemonium: Depths:2
Ziggurat: Depths:1

Annotations:
Zot:5 1 transporter


Innate Abilities, Weirdness & Mutations

You are immune to sickness and miasma.
Your stone body is resilient. (AC +20)
You are immune to poison.
Your large and strong wings let you fly.
You resist negative energy. (rN+)
You are resistant to electric shocks. (rElec)
You are resistant to unholy torment.
You are immune to petrification.
You have an uncontrollable temper.
Your mind is acute. (Int +4, Str/Dex -1)
Your body sometimes deteriorates upon taking damage.
Your magical capacity is low. (-10% MP)
You are strong-willed. (Will+)
You do not regenerate when monsters are visible.
You are occasionally teleported next to monsters.
You are weak. (Str -2)
You occasionally lose the ability to read scrolls when taking damage.
You have hidden genetic defects.


Message History

There is an open door here.
HP restored.
There is an open door here.
There is a stone staircase leading up here.
You fly upwards.
There is a stone staircase leading down here.
There is a stone staircase leading up here.
You fly upwards.
There is a stone staircase leading down here.
There is a stone staircase leading up here.
You fly upwards.
There is a stone staircase leading down here.
There is a stone staircase leading up here.
You fly upwards.
There is a stone staircase leading down here.
There is a stone staircase leading up here.
You fly upwards.
There is a stone staircase leading down here.
There is an escape hatch in the ceiling here.
You see here a +2 dagger of protection.
There is a stone staircase leading up here.
You fly upwards.
There is a stone staircase leading down here.
Things that are here:
a +0 leather armour; a boomerang; a +1 mace of pain
There is a stone staircase leading up here.
You fly upwards.
There is a stone staircase leading down here.
(D) Dungeon (T) Temple (L) Lair (S) Swamp (N) Spider Nest (M) Slime Pits (O) Orcish Mines (E) Elven Halls (V) Vaults (C) Crypt (U) Depths (H) Hell (Z) Zot
Where to? (Enter - D:1, ? - help)
Okay, then.
There is a stone staircase leading down here.
You see here a +0 short sword of electrocution.
There is a staircase leading out of the dungeon here.
You can't go down here!
Unknown command.
You have escaped!

♣.♣♣♣ ♣♣.♣♣♣. ♣.♣
♣♣♣.♣♣ ♣♣ ♣.♣♣
♣♣♣..♣♣ ♣ ♣..♣
♣[.♣♣♣ ♣♣.♣♣ ♣.♣♣
♣♣..♣♣ ♣♣.♣♣
♣♣♣..♣.♣ ♣♣.♣ ♣♣
♣......♣ ♣♣.♣♣ ♣≈
♣♣..@..♣♣♣♣♣.♣.♣
♣≈≈≈
♣♣...P..♣....♣♣♣≈≈≈
♣♣♣♣♣♣P.♣P♣♣♣ ♣
♣♣♣♣♣♣


There were no monsters in sight!

Vanquished Creatures
  9 dread liches
  3 orbs of fire
  A pandemonium lord (Depths:4)
  An ancient lich (Zot:5)
  4 Killer Klowns
  Parghit (Zot:1)
  Sojobo (Vaults:5)
  Saint Roka (Vaults:5)
  2 curse toes
  6 golden dragons
  Arachne (Spider:4)
  An electric golem (Zot:5)
  2 Tzitzimimeh
  17 tentacled monstrosities
  2 hellephants
  4 liches
  3 titans
  6 Orb Guardians
  2 deep elf master archers (Depths:2)
  8 quicksilver dragons
  Gastronok (D:8)
  A tentacled starspawn (Abyss:2)
  Frances (Swamp:2)
  2 thorn hunters
  9 sphinxes
  15 death cobs
  8 draconian monks
  4 tengu reavers
  10 shadow dragons
  4 azure jellies
  14 storm dragons
  5 draconian knights
  9 fire giants
  7 frost giants
  3 deep elf sorcerers
  3 balrugs
  5 orc warlords
  A ghoul (Vaults:2)
  6 draconian scorchers
  The ghost of Zonian the Basher, a journeyman DsGl of Dithmenos (Orc:2)
  8 ghost moths
  Aizul (Depths:2)
  23 vault wardens
  2 emperor scorpions
  7 draconian annihilators
  The ghost of Aviun the Unseen, an adept SpEn of Kikubaaqudgha (Spider:3)
  7 draconian shifters
  23 ironbound preservers
  A spriggan defender (Depths:3)
  A demonspawn corrupter (D:14)
  9 ironbound thunderhulks
  2 reapers
  A quicksilver ooze (Depths:2)
  4 angels (Zot:1)
  7 stone giants
  3 draconian stormcallers
  4 war gargoyles
  2 broodmothers
  18 very ugly things
  2 grey draconians (Depths:4)
  5 vampire knights
  10 green draconians
  3 lorocyprocas (Depths:2)
  10 black draconians
  5 entropy weavers
  2 deep elf demonologists (Vaults:5)
  8 eleionomae
  4 bunyips
  13 spark wasps
  A deep elf annihilator (Depths:2)
  13 dire elephants
  A minotaur (Gauntlet)
  13 purple draconians
  13 yellow draconians
  15 red draconians
  15 white draconians
  4 deep elf death magi
  A blizzard demon (Abyss:3)
  A mummy priest (Depths:2)
  6 ettins
  A merfolk impaler (Depths:2)
  9 fire dragons
  A merfolk javelineer (Depths:3)
  A green death (Depths:2)
  24 yaktaur captains
  A deep elf high priest (Depths:2)
  10 great orbs of eyes
  2 shambling mangroves
  5 ice dragons
  40 vault guards
  2 rakshasas (Depths:1)
  9 hydras
  9 boulder beetles
  A ghost crab (Swamp:1)
  A peacekeeper (Vaults:3)
  4 hell beasts
  7 ogre magi
  4 radroaches
  4 spriggan air magi
  A catoblepas (D:15)
  5 alligators
  Erolcha (Orc:2)
  12 ironbound frosthearts
  6 jorogumos
  7 centaur warriors
  21 two-headed ogres
  14 tengu warriors
  6 deep troll shamans
  2 anacondas (D:12)
  A hell hog (Depths:1)
  6 vampire magi
  2 spriggan berserkers
  A death scarab (Depths:2)
  A shock serpent (Orc:2)
  9 deep troll earth magi
  2 sun demons
  7 hell knights
  6 soul eaters
  Nergalle (Orc:1)
  4 skeletal warriors
  A deep elf knight (Swamp:1)
  Amaemon (Lair:2)
  A death drake (Gauntlet)
  3 sun moths
  10 pharaoh ants
  A sixfirhy (Depths:4)
  13 orb spiders
  4 glowing orange brains
  6 goliath frogs
  2 shadow demons
  10 iron trolls
  A spatial maelstrom (Abyss:3)
  5 steelbarb worms
  65 deep trolls
  A deep elf archer (Swamp:1)
  5 swamp dragons
  6 spriggan druids
  10 phantasmal warriors
  30 ironbound convokers
  A tengu zombie (Vaults:1)
  12 wizards
  10 orc knights
  A flayed ghost (Vaults:4)
  12 lindwurms
  4 necromancers
  2 deep elf pyromancers (D:15)
  A mana viper (shapeshifter) (Vaults:4)
  9 harpies
  3 orc sorcerers
  A shining eye (Depths:1)
  25 wolf spiders
  16 ugly things
  37 moths of wrath
  5 cyclopes
  3 will-o-the-wisps
  2 spectral centaurs (Gauntlet)
  2 centaur zombies (Gauntlet)
  2 large abominations
  21 elephants
  A naga mage (D:15)
  5 black mambas
  Joseph (D:8)
  11 torpor snails
  A water nymph (D:12)
  15 vault sentinels
  An eye of devastation (Depths:1)
  3 molten gargoyles (Lair:5)
  A stone giant skeleton (Vaults:1)
  12 cane toads
  2 orange demons
  2 smoke demons
  A kobold demonologist (D:9)
  2 hellions (Zot:4)
  Maggie (D:8)
  2 centaur skeletons (D:15)
  8 demonic crawlers
  48 yaktaurs
  4 efreet
  An unseen horror (D:10)
  6 tengu conjurers
  A tormentor (Depths:2)
  8 komodo dragons
  Psyche (D:8)
  3 rime drakes
  6 freezing wraiths
  2 hellwings (Depths:2)
  2 guardian mummies (Depths:2)
  9 trolls
  A queen bee (Gauntlet)
  A polar bear (Lair:5)
  9 meliai
  10 tyrant leeches
  A merfolk (shapeshifter) (Vaults:3)
  43 tarantellas
  16 hornets
  A wolf spider simulacrum (Lair:4)
  16 blink frogs
  33 slime creatures
  3 flying skulls (Gauntlet)
  23 jumping spiders
  20 culicivoras
  10 spriggans
  58 yaks
  10 wyverns
  5 wraiths
  6 water elementals
  A centaur simulacrum (D:15)
  A wyvern (shapeshifter) (Vaults:5)
  3 shadows
  2 steam dragons
  A vampire (D:12)
  2 humans (D:14)
  5 basilisks
  Grum (Lair:1)
  3 swamp worm simulacra (Swamp:4)
  2 vampire mosquitoes (Swamp:3)
  48 redbacks
  4 wargs
  15 swamp worms
  16 hydra simulacra
  5 hell hounds
  4 floating eyes
  10 water moccasins
  4 acid dragons
  An ice beast (D:8)
  20 orc warriors
  A sky beast (D:7)
  7 black bears
  33 ogres
  18 wolves
  4 boggarts (Vaults:2)
  A small abomination (Abyss:3)
  A human skeleton (Vaults:1)
  A phantom (D:5)
  4 centaurs
  14 bullfrogs
  7 kobold brigands
  A gnoll sergeant (D:11)
  2 scorpions
  3 necrophages
  12 wights
  7 killer bees
  6 howler monkeys
  5 lava snakes (Lair:5)
  3 hounds
  2 jellies
  16 orc priests
  4 iguanas
  17 orc wizards
  Terence (D:1)
  2 bullfrog simulacra (Lair:4)
  9 gnolls
  6 adders
  A white imp (D:7)
  3 ufetubi
  5 swamp drake simulacra (Swamp:4)
  3 worms
  3 dart slugs
  74 orcs
  4 bats
  3 endoplasms
  3 giant cockroaches
  2 goblins
  5 hobgoblins
  2 jackals (D:4)
  3 quokkas
  6 ball pythons
  2 frilled lizards (D:2)
  26 kobolds
  3 rats (D:1)
1956 creatures vanquished.

Vanquished Creatures (others)
  A quicksilver dragon (Zot:2)
  A bunyip (Swamp:4)
  An alligator (Swamp:4)
  4 wizards
  2 bloated husks
  A tarantella (Spider:3)
  An orc (Orc:1)
  A creeping inferno (Zot:4)
  3 demonic plants (Gauntlet)
  A fire vortex (Zot:4)
  6 foxfires (Lair:2)
  23 fungi
  2 pillars of salt (Zot:1)
  44 plants
  6 starspawn tentacles
97 creatures vanquished.

Grand Total: 2053 creatures vanquished

Notes
Turn   | Place    | Note
-------+----------+-------------------------------------------
     0 | D:1      | greasedhog the Gargoyle Wanderer began the quest for the
                  | Orb.
     0 | D:1      | greasedhog set off with the following items: a +0 club, a
                  | scroll of vulnerability, a potion of lignification, a
                  | potion of attraction, a +0 leather armour, a +2 buckler.
     0 | D:1      | Reached XP level 1. HP: 14/14 MP: 1/1
   341 | D:1      | Reached skill level 1 in Maces & Flails
   341 | D:1      | Reached XP level 2. HP: 19/19 MP: 2/2
   695 | D:1      | Found a faded altar of an unknown god.
  1094 | D:2      | Reached skill level 4 in Fighting
  1094 | D:2      | Reached XP level 3. HP: 24/24 MP: 3/3
  1268 | D:2      | Noticed Terence
  1288 | D:1      | Killed Terence
  1510 | D:2      | Reached XP level 4. HP: 27/30 MP: 4/4
  3077 | D:3      | Reached XP level 5. HP: 27/34 MP: 3/5
  3401 | D:3      | Reached skill level 5 in Fighting
  3601 | D:3      | Reached skill level 1 in Armour
  4017 | D:4      | Reached XP level 6. HP: 16/40 MP: 6/6
  4244 | D:4      | Identified the +3 robe "Puxiekk" {*Corrode rElec rN+ Str+5}
  4340 | D:4      | Noticed a black bear
  4383 | D:3      | Killed a black bear
  4517 | D:5      | Entered Level 5 of the Dungeon
  4517 | D:5      | Found an ancient bone altar of Kikubaaqudgha.
  4517 | D:5      | Found a glowing silver altar of Zin.
  4517 | D:5      | Found an iron altar of Okawaru.
  4518 | D:5      | Found a sacrificial altar of Ru.
  4519 | D:5      | Found a bloodstained altar of Trog.
  4531 | D:5      | Reached XP level 7. HP: 41/44 MP: 7/7
  4537 | D:5      | Became a worshipper of Warmaster Okawaru
  4549 | D:5      | Reached skill level 5 in Maces & Flails
  4929 | D:5      | Reached skill level 5 in Armour
  5017 | D:5      | Reached XP level 8. HP: 49/49 MP: 8/8
  5345 | D:6      | Reached * piety under Okawaru
  5346 | D:6      | Reached skill level 1 in Dodging
  5352 | D:6      | Noticed a two-headed ogre
  5941 | D:6      | Killed a two-headed ogre
  5941 | D:6      | Reached ** piety under Okawaru
  5942 | D:6      | Reached XP level 9. HP: 26/54 MP: 4/9
  6424 | D:7      | Reached *** piety under Okawaru
  6425 | D:7      | Reached skill level 5 in Dodging
  6583 | D:7      | Found a hazy altar of Hepliaklqana.
  6781 | D:7      | Found a staircase to the Ecumenical Temple.
  6794 | Temple   | Entered the Ecumenical Temple
  6918 | D:7      | Reached skill level 1 in Invocations
  7298 | D:8      | Reached XP level 10. HP: 35/59 MP: 6/11
  7458 | D:8      | Noticed Psyche
  7467 | D:8      | Killed Psyche
  7467 | D:8      | Reached **** piety under Okawaru
  7468 | D:8      | Reached skill level 10 in Maces & Flails
  7671 | D:8      | Noticed Maggie
  7713 | D:8      | Killed Maggie
  7713 | D:8      | Received a gift from Okawaru
  7842 | D:8      | Noticed Gastronok
  7965 | D:8      | Killed Gastronok
  8051 | D:8      | Reached skill level 5 in Evocations
  8375 | D:8      | Noticed Joseph
  8389 | D:8      | Killed Joseph
  8596 | D:9      | Reached skill level 6 in Fighting
  8602 | D:9      | Reached ***** piety under Okawaru
  8684 | D:9      | Reached XP level 11. HP: 61/64 MP: 9/12
  9110 | D:9      | Reached skill level 7 in Fighting
  9320 | D:10     | Entered Level 10 of the Dungeon
  9456 | D:10     | Found a staircase to the Orcish Mines.
  9955 | D:10     | Reached skill level 8 in Fighting
 10387 | D:11     | Identified the +1 pair of gloves of Untold Secrets {Slay+3}
                  | (Okawaru gifted it to you on level 11 of the Dungeon)
 10387 | D:11     | Received a gift from Okawaru
 10435 | D:11     | Noticed a wizard
 10447 | D:11     | Killed a wizard
 10450 | D:11     | Noticed a wizard
 10461 | D:11     | Killed a wizard
 10478 | D:11     | Noticed a wizard
 10489 | D:11     | Killed a wizard
 10500 | D:11     | Noticed a wizard
 10511 | D:11     | Killed a wizard
 10512 | D:11     | Reached skill level 9 in Fighting
 10568 | D:11     | Reached skill level 5 in Invocations
 10611 | D:11     | Noticed a wizard
 10612 | D:11     | Noticed a wizard
 10629 | Abyss:2  | Cast into level 2 of the Abyss (a wizard)
 10657 | Abyss:2  | Noticed a cyan ugly thing
 10662 | Abyss:2  | Noticed a large abomination
 10676 | Abyss:2  | Killed a large abomination
 10682 | Abyss:2  | Killed a cyan ugly thing
 10689 | Abyss:2  | Noticed a tentacled starspawn
 10700 | Abyss:2  | Killed a tentacled starspawn
 10701 | Abyss:2  | Reached XP level 12. HP: 59/77 MP: 6/16
 10767 | Abyss:2  | Noticed a starcursed mass
 10787 | Abyss:2  | Reached skill level 10 in Fighting
 10802 | D:11     | Escaped the Abyss
 10956 | D:11     | Found the +3 warlock's mirror {reflect}
 11209 | D:11     | Found a staircase to the Lair.
 11372 | D:11     | Found a sacrificial altar of Ru.
 11449 | D:11     | Noticed a two-headed ogre
 11458 | D:11     | Killed a two-headed ogre
 11823 | Orc:1    | Entered Level 1 of the Orcish Mines
 12184 | D:10     | Paralysed by an orc sorcerer for 4 turns
 12197 | Arena    | Entered the Arena
 12455 | Orc:1    | Noticed an orc warlord
 13042 | D:10     | Killed an orc warlord
 13305 | Orc:1    | Noticed Nergalle
 13338 | Orc:1    | Killed Nergalle
 13644 | Orc:2    | Entered Level 2 of the Orcish Mines
 13644 | Orc:2    | Noticed an orc warlord
 13698 | Orc:1    | Killed an orc warlord
 13917 | Orc:1    | Reached skill level 10 in Invocations
 14171 | Orc:1    | Reached XP level 13. HP: 31/82 MP: 5/20
 14488 | Orc:2    | Noticed Erolcha
 14542 | Orc:2    | Reached skill level 10 in Armour
 14735 | Abyss:3  | Found a transporter.
 14735 | Abyss:3  | Found a transporter.
 14735 | Abyss:3  | Cast into level 3 of the Abyss (two-headed ogre)
 14760 | Abyss:3  | Noticed a tentacled starspawn
 14775 | Abyss:3  | Noticed a blizzard demon
 14799 | Abyss:3  | Killed a blizzard demon
 14856 | Abyss:3  | Gained mutation: You are clumsy. (Dex -2) [potion of
                  | mutation]
 14856 | Abyss:3  | Lost mutation: You are clumsy. (Dex -2) [potion of
                  | mutation]
 14856 | Abyss:3  | Gained mutation: You have very sharp teeth. [potion of
                  | mutation]
 14867 | Abyss:3  | Received a gift from Okawaru
 14888 | Abyss:3  | Noticed a lich
 14892 | Abyss:3  | Noticed a tentacled starspawn
 14918 | Abyss:3  | Killed a lich
 14965 | Orc:2    | Escaped the Abyss
 15755 | Orc:2    | Killed Erolcha
 15815 | Orc:2    | HP: 3/82 [ogre/+0 giant club (15)]
 16546 | Orc:2    | Found Ogannas's Armour Shoppe.
 16546 | Orc:2    | Found Noat Bodoma's Book Boutique.
 16547 | Orc:2    | Found Rulloiss's Armour Shop.
 16547 | Orc:2    | Found Upyext's Antique Weapon Shoppe.
 16571 | Orc:2    | Found a staircase to the Elven Halls.
 16583 | Orc:2    | Gained mutation: Your large and strong wings let you fly.
                  | [Gargoyle growth]
 16583 | Orc:2    | Reached XP level 14. HP: 53/88 MP: 11/23
 16944 | Orc:2    | Received a gift from Okawaru
 16944 | Orc:2    | Found the +18 Lear's hauberk
 16999 | Orc:2    | Bought a +4 plate armour of fire resistance for 800 gold
                  | pieces
 17000 | Orc:2    | Bought a +0 cloak for 45 gold pieces
 17057 | Orc:2    | Found a runed translucent door.
 17057 | Orc:2    | Noticed Zonian's ghost (journeyman DsGl)
 17314 | Orc:2    | Killed Zonian's ghost
 17504 | Lair:1   | Entered Level 1 of the Lair of Beasts
 17669 | Lair:1   | Noticed Grum
 17697 | Lair:1   | Killed Grum
 18139 | Lair:1   | Got the Codex of Black Rites
 18581 | Lair:2   | Found a staircase to the Swamp.
 18693 | Lair:2   | Reached skill level 10 in Shields
 19046 | Lair:2   | Noticed Amaemon
 19097 | Lair:2   | Killed Amaemon
 19103 | Lair:2   | Reached skill level 10 in Dodging
 19728 | Lair:3   | Found a hole to the Spider Nest.
 20771 | Lair:4   | Found a staircase to the Slime Pits.
 20771 | Lair:4   | Found a viscous altar of Jiyva.
 20852 | Lair:4   | Identified the +6 quarterstaff of the Brewing Owl {elec,
                  | rF+++ rC- rN+++ MP+9} (Okawaru gifted it to you on level 4
                  | of the Lair of Beasts)
 20852 | Lair:4   | Received a gift from Okawaru
 20861 | Lair:4   | Reached XP level 15. HP: 81/93 MP: 21/24
 21022 | Lair:4   | Found a transporter.
 21024 | Lair:4   | Found a gate leading to a gauntlet.
 21037 | Gauntlet | Entered a Gauntlet
 21037 | Gauntlet | Found a transporter.
 21037 | Gauntlet | Found a transporter.
 21057 | Gauntlet | Found a transporter.
 21060 | Gauntlet | Found a transporter.
 21071 | Gauntlet | Found a transporter.
 21073 | Gauntlet | Found a transporter.
 21079 | Gauntlet | Found a transporter.
 21099 | Gauntlet | Found a transporter.
 21119 | Gauntlet | Found a transporter.
 21120 | Gauntlet | Found a transporter.
 21131 | Gauntlet | Found a transporter.
 21133 | Gauntlet | Found a transporter.
 21297 | Gauntlet | Identified the +1 scale mail "Lowyptoq" {Drain rElec rN+++
                  | Str+2}
 21329 | Gauntlet | Reached skill level 11 in Fighting
 21398 | Gauntlet | Identified the +5 glaive of the Kidney {flame, Int+2}
 21581 | Gauntlet | Identified the +0 pair of boots "Bummeaso" {rElec Str+2
                  | Int-5}
 21582 | Gauntlet | Got the Volume of the Sinister Stinger
 21595 | Gauntlet | Identified the +4 hat "Cakaphyck" {+Inv rN+}
 21595 | Gauntlet | Identified the +2 robe "Miet" {Will+ Dex+2}
 21595 | Gauntlet | Identified the +9 short sword "Uliubb" {vorpal, Contam rF+
                  | Str+2 Stlth+}
 22014 | Lair:4   | Found a transporter.
 22399 | Lair:5   | Entered Level 5 of the Lair of Beasts
 22926 | Lair:5   | Reached skill level 12 in Fighting
 23039 | Lair:5   | Identified the +2 plate armour "Pafexos" {rCorr Int+4}
                  | (Okawaru gifted it to you on level 5 of the Lair of Beasts)
 23039 | Lair:5   | Received a gift from Okawaru
 23881 | Lair:5   | Found a large runed translucent door.
 23881 | Lair:5   | Found a large runed translucent door.
 24576 | Lair:5   | Reached skill level 13 in Fighting
 25531 | D:12     | Reached skill level 10 in Evocations
 25898 | D:13     | Found Elohyl's Weapon Shop.
 25916 | D:13     | Reached XP level 16. HP: 91/105 MP: 21/25
 26353 | D:13     | Identified the +0 ring mail of Okawaru's Generosity {rF+}
                  | (Okawaru gifted it to you on level 13 of the Dungeon)
 26353 | D:13     | Received a gift from Okawaru
 26927 | D:14     | Reached skill level 14 in Fighting
 27332 | D:14     | Found a gate to the Vaults.
 27802 | D:15     | Entered Level 15 of the Dungeon
 27924 | D:15     | Reached ****** piety under Okawaru
 28102 | D:15     | Found an opulent altar of Gozag.
 28225 | D:15     | Reached skill level 15 in Fighting
 28371 | D:15     | Found a staircase to the Depths.
 28699 | Spider:1 | Entered Level 1 of the Spider Nest
 29092 | Lair:3   | Received a gift from Okawaru
 29713 | Arena    | Entered the Arena
 29752 | Spider:1 | Identified the +5 pair of boots of Serendipity {+Inv rCorr
                  | Int+4} (Okawaru gifted it to you on level 1 of the Spider
                  | Nest)
 29752 | Spider:1 | Received a gift from Okawaru
 30197 | Spider:1 | Identified a scroll of acquirement
 30198 | Spider:1 | Acquired a scarf of resistance
 30376 | Spider:2 | Identified the +7 dagger of Destruction {freeze, rC+ Will+
                  | Str-3}
 30475 | Spider:2 | Reached XP level 17. HP: 100/113 MP: 23/26
 33654 | Spider:3 | Reached skill level 15 in Armour
 33659 | Spider:3 | Identified the +4 scale mail of Jigsaw {Rampage MP+9}
                  | (Okawaru gifted it to you on level 3 of the Spider Nest)
 33659 | Spider:3 | Received a gift from Okawaru
 33847 | Spider:3 | Found a transporter.
 33852 | Spider:3 | Noticed Aviun's ghost (adept SpEn)
 33878 | Spider:3 | Found a transporter.
 34037 | Spider:3 | Killed Aviun's ghost
 34083 | Spider:3 | Identified the ring "Asung" {rC+ rCorr Str+6 Stlth+}
 34324 | Spider:4 | Entered Level 4 of the Spider Nest
 36038 | Spider:4 | Noticed Arachne
 36071 | Spider:4 | Killed Arachne
 36072 | Spider:4 | Reached XP level 18. HP: 100/120 MP: 0/27
 36843 | Spider:4 | Got a gossamer rune of Zot
 36962 | Spider:4 | Received a gift from Okawaru
 37246 | Spider:4 | Received a gift from Okawaru
 37789 | Swamp:1  | Entered Level 1 of the Swamp
 39474 | Swamp:2  | Noticed Frances
 39505 | Swamp:2  | Killed Frances
 40036 | Swamp:3  | Noticed a tentacled monstrosity
 40050 | Swamp:3  | Killed a tentacled monstrosity
 40246 | Swamp:3  | Found a glowing silver altar of Zin.
 40374 | Swamp:3  | Noticed a tentacled monstrosity
 40381 | Swamp:3  | Received a gift from Okawaru
 40397 | Swamp:3  | Killed a tentacled monstrosity
 41396 | Swamp:4  | Entered Level 4 of the Swamp
 41410 | Swamp:3  | Reached XP level 19. HP: 96/124 MP: 21/28
 42050 | Swamp:4  | Got a decaying rune of Zot
 42126 | Swamp:4  | Reached skill level 15 in Shields
 42476 | Swamp:4  | Received a gift from Okawaru
 42922 | Vaults:1 | Entered Level 1 of the Vaults
 42952 | Vaults:1 | Reached skill level 16 in Fighting
 43096 | Vaults:1 | Reached skill level 15 in Dodging
 43329 | Vaults:1 | Paralysed by a sphinx for 3 turns
 43663 | Vaults:1 | Identified the +5 chain mail "Aruop" {Str+2} (Okawaru
                  | gifted it to you on level 1 of the Vaults)
 43663 | Vaults:1 | Received a gift from Okawaru
 44533 | Vaults:2 | Reached skill level 17 in Fighting
 44926 | Vaults:2 | Reached XP level 20. HP: 128/134 MP: 29/29
 45119 | Vaults:2 | Found a staircase to the Crypt.
 45211 | Vaults:2 | Identified the amulet "Eblial" {+Blink Regen+}
 45365 | Vaults:2 | Identified the +6 flail of Naehull {holy, rF++ rN+ Int-5}
                  | (Okawaru gifted it to you on level 2 of the Vaults)
 45365 | Vaults:2 | Received a gift from Okawaru
 45366 | Vaults:2 | Reached skill level 18 in Fighting
 45459 | Vaults:2 | Found Cefixzy's Magic Scroll Shoppe.
 45466 | Vaults:2 | Bought a scroll of fear for 52 gold pieces
 45466 | Vaults:2 | Bought a scroll of silence for 123 gold pieces
 45466 | Vaults:2 | Bought a scroll of fog for 52 gold pieces
 45466 | Vaults:2 | Bought a scroll of magic mapping for 97 gold pieces
 45466 | Vaults:2 | Bought a scroll of enchant weapon for 97 gold pieces
 46323 | Vaults:2 | Identified the +2 robe of Vaaluesoqo {rPois Regen+}
                  | (Okawaru gifted it to you on level 2 of the Vaults)
 46323 | Vaults:2 | Received a gift from Okawaru
 46889 | Vaults:3 | Reached skill level 19 in Fighting
 47448 | Vaults:3 | Reached XP level 21. HP: 100/144 MP: 30/30
 47967 | Vaults:3 | Received a gift from Okawaru
 48149 | Vaults:3 | Reached skill level 20 in Fighting
 50307 | Vaults:4 | Received a gift from Okawaru
 50387 | Vaults:4 | Found Besaef's General Store.
 50407 | Vaults:4 | Bought a potion of heal wounds for 85 gold pieces
 50512 | Vaults:5 | Entered Level 5 of the Vaults
 50521 | Vaults:5 | Reached skill level 21 in Fighting
 50533 | Vaults:5 | Reached XP level 22. HP: 70/155 MP: 31/31
 50925 | Vaults:5 | Identified the +8 great sword of Greatest Utility {speed,
                  | rElec Dex+3} (Okawaru gifted it to you on level 5 of the
                  | Vaults)
 50925 | Vaults:5 | Received a gift from Okawaru
 51003 | Vaults:5 | Noticed Saint Roka
 51025 | Vaults:5 | Noticed a dread lich
 51044 | Vaults:5 | Killed Saint Roka
 51045 | Vaults:5 | Paralysed by a dread lich for 4 turns
 51308 | Vaults:4 | Killed a dread lich
 51412 | Vaults:4 | Reached skill level 22 in Fighting
 51594 | Vaults:5 | Got a silver rune of Zot
 51607 | Vaults:5 | Identified the +3 chain mail of the Beastly God {rF- Int+4
                  | Dex+6}
 51609 | Vaults:5 | Noticed a dread lich
 51629 | Vaults:5 | Killed a dread lich
 51629 | Vaults:5 | Received a gift from Okawaru
 51713 | Vaults:5 | Identified the +3 broad axe "Pikkiepa" {elec, Will+}
 52108 | Vaults:5 | Identified the +2 helmet of the Ace of Swords {rPois Str+2
                  | Int+4}
 52207 | Vaults:5 | Identified the +0 chain mail of Dishonour {Rampage}
 52301 | Vaults:5 | Noticed Sojobo
 52338 | Vaults:5 | Killed Sojobo
 52348 | Vaults:5 | Identified the +3 rapier "Naruusa" {flame, Str-5 Dex+3
                  | Stlth+}
 53115 | Depths:1 | Entered Level 1 of the Depths
 53116 | Depths:1 | Found a one-way gate to the infinite horrors of the Abyss.
 53169 | Depths:1 | Found a gateway to Hell.
 53197 | Depths:1 | Received a gift from Okawaru
 53265 | Depths:1 | Reached XP level 23. HP: 153/164 MP: 32/32
 53275 | Depths:1 | Identified the ring of Ascent {Will+ Str+6 Int+7}
 53394 | Depths:1 | Reached skill level 23 in Fighting
 53425 | Depths:1 | Found a one-way gateway to a ziggurat.
 53436 | Depths:1 | Paralysed by a floating eye for 2 turns
 53449 | Depths:1 | Paralysed by a floating eye for 3 turns
 53682 | Depths:1 | Received a gift from Okawaru
 53979 | Depths:1 | Found Mopurifa's Self-Improvement Boutique.
 53985 | Depths:1 | You are sucked into a shaft and drop 1 floor!
 54052 | Depths:2 | Found a shadowy altar of Dithmenos.
 54201 | Depths:2 | Noticed Aizul
 54215 | Depths:2 | Killed Aizul
 54257 | Depths:2 | Found a large runed translucent door.
 54257 | Depths:2 | Found a large runed translucent door.
 54357 | Depths:1 | Bought a manual of Fighting for 1680 gold pieces
 54565 | Depths:2 | Found a one-way gate leading to the halls of Pandemonium.
 54871 | Depths:2 | Reached skill level 24 in Fighting
 55318 | Depths:2 | Received a gift from Okawaru
 55615 | Depths:2 | Identified the +1 robe "Goel" {rF+ Will+ Str+4}
 55827 | Depths:3 | Found Inaum's Neck Hole.
 55909 | Depths:3 | Reached skill level 25 in Fighting
 56305 | Depths:3 | Reached XP level 24. HP: 132/176 MP: 32/32
 56474 | Depths:3 | Identified the +0 pair of gloves of Agoraphobia {+Blink}
                  | (Okawaru gifted it to you on level 3 of the Depths)
 56474 | Depths:3 | Received a gift from Okawaru
 56500 | Depths:3 | Found the +6 Majin-Bo {vamp, MP+6 Int+6}
 56758 | Depths:3 | Found Ukiv Voe's General Store.
 56776 | Depths:3 | Bought a scroll of teleportation for 60 gold pieces
 56776 | Depths:3 | Bought a scroll of fear for 80 gold pieces
 56797 | Depths:3 | Reached skill level 26 in Fighting
 57189 | Depths:4 | Entered Level 4 of the Depths
 57257 | Depths:4 | Paralysed by a floating eye for 4 turns
 57759 | Depths:4 | Found a gate to the Realm of Zot.
 58478 | Zot:1    | Entered Level 1 of the Realm of Zot
 59281 | Zot:1    | Reached skill level 27 in Fighting
 59321 | Zot:1    | Found a shimmering altar of Xom.
 59323 | Zot:1    | Noticed a Killer Klown
 59368 | Zot:1    | Killed a Killer Klown
 59368 | Zot:1    | Received a gift from Okawaru
 59472 | Zot:1    | Noticed a Killer Klown
 59487 | Zot:1    | Killed a Killer Klown
 59552 | Zot:1    | Found a shimmering altar of Xom.
 59552 | Zot:1    | Found a glowing silver altar of Zin.
 59552 | Zot:1    | Found a shimmering altar of Xom.
 59553 | Zot:1    | Found a shimmering altar of Xom.
 59942 | Zot:1    | Noticed Parghit
 59986 | Zot:1    | Killed Parghit
 60090 | Zot:2    | Noticed an orb of fire
 60107 | Zot:2    | Killed an orb of fire
 60127 | Zot:2    | Reached XP level 25. HP: 146/187 MP: 28/32
 60289 | Zot:2    | Received a gift from Okawaru
 60602 | Zot:2    | Identified the +10 spear of the Endless March {venom, MP-9
                  | SInv Stlth+} (Okawaru gifted it to you on level 2 of the
                  | Realm of Zot)
 60602 | Zot:2    | Received a gift from Okawaru
 61188 | Zot:2    | Noticed a Killer Klown
 61219 | Zot:2    | Killed a Killer Klown
 61479 | Zot:3    | Gained mutation: You have hidden genetic defects.
                  | [mutagenic glow]
 61498 | Zot:3    | Gained mutation: You sometimes lose your temper in combat.
                  | [mutagenic glow]
 61512 | Zot:3    | Gained mutation: You have an uncontrollable temper.
                  | [mutagenic glow]
 61526 | Zot:3    | Gained mutation: Your body sometimes deteriorates upon
                  | taking damage. [mutagenic glow]
 61527 | Zot:3    | Lost mutation: You have very sharp teeth. [potion of
                  | mutation]
 61527 | Zot:3    | Lost mutation: You have an uncontrollable temper. [potion
                  | of mutation]
 61527 | Zot:3    | Lost mutation: You sometimes lose your temper in combat.
                  | [potion of mutation]
 61527 | Zot:3    | Gained mutation: Your magical capacity is low. (-10% MP)
                  | [potion of mutation]
 61527 | Zot:3    | Gained mutation: Your mind is acute. (Int +4, Str/Dex -1)
                  | [potion of mutation]
 61528 | Zot:3    | Lost mutation: Your body sometimes deteriorates upon taking
                  | damage. [potion of mutation]
 61528 | Zot:3    | Lost mutation: Your mind is acute. (Int +4, Str/Dex -1)
                  | [potion of mutation]
 61528 | Zot:3    | Gained mutation: You are strong-willed. (Will+) [potion of
                  | mutation]
 61528 | Zot:3    | Gained mutation: Your magical capacity is very low. (-20%
                  | MP) [potion of mutation]
 61528 | Zot:3    | Gained mutation: You are highly strong-willed. (Will++)
                  | [potion of mutation]
 61544 | Zot:3    | Gained mutation: You occasionally lose the ability to read
                  | scrolls when taking damage. [mutagenic glow]
 62083 | Zot:3    | Paralysed by a floating eye for 4 turns
 62092 | Zot:3    | Noticed a dread lich
 62096 | Zot:3    | Noticed a dread lich
 62096 | Zot:3    | Noticed a dread lich
 62101 | Zot:3    | Killed a dread lich
 62102 | Zot:3    | Noticed a dread lich
 62105 | Zot:3    | Noticed a dread lich
 62112 | Zot:3    | Killed a dread lich
 62137 | Zot:3    | Killed a dread lich
 62172 | Zot:3    | Killed a dread lich
 62178 | Zot:3    | Killed a dread lich
 62192 | Zot:3    | Gained mutation: Potions are less effective at restoring
                  | your health. [hidden defects]
 62193 | Zot:3    | Lost mutation: You occasionally lose the ability to read
                  | scrolls when taking damage. [potion of mutation]
 62193 | Zot:3    | Lost mutation: You are highly strong-willed. (Will++)
                  | [potion of mutation]
 62193 | Zot:3    | Gained mutation: You sometimes lose your temper in combat.
                  | [potion of mutation]
 62193 | Zot:3    | Gained mutation: You are occasionally teleported next to
                  | monsters. [potion of mutation]
 62193 | Zot:3    | Gained mutation: You are agile. (Dex +4, Str/Int -1)
                  | [potion of mutation]
 62194 | Zot:3    | Lost mutation: You are agile. (Dex +4, Str/Int -1) [potion
                  | of mutation]
 62194 | Zot:3    | Lost mutation: Potions are less effective at restoring your
                  | health. [potion of mutation]
 62194 | Zot:3    | Lost mutation: You sometimes lose your temper in combat.
                  | [potion of mutation]
 62194 | Zot:3    | Gained mutation: You sometimes lose your temper in combat.
                  | [potion of mutation]
 62194 | Zot:3    | Gained mutation: Your body sometimes deteriorates upon
                  | taking damage. [potion of mutation]
 62194 | Zot:3    | Gained mutation: You are robust. (+10% HP) [potion of
                  | mutation]
 62280 | Zot:3    | Identified the +3 trident "Nejis" {freeze, rPois Int+2
                  | Dex+2}
 62283 | Zot:3    | Got the Incunable of Enchanting Pestilence
 62736 | Zot:4    | HP: 6/205 [purple draconian/bolt of dispelling energy (22)]
 62828 | Zot:4    | Lost mutation: You are strong-willed. (Will+) [potion of
                  | mutation]
 62828 | Zot:4    | Lost mutation: You are robust. (+10% HP) [potion of
                  | mutation]
 62828 | Zot:4    | Gained mutation: You are partially covered in iridescent
                  | scales. (AC +2) [potion of mutation]
 62829 | Zot:4    | Lost mutation: Your magical capacity is very low. (-20% MP)
                  | [potion of mutation]
 62829 | Zot:4    | Lost mutation: You sometimes lose your temper in combat.
                  | [potion of mutation]
 62829 | Zot:4    | Lost mutation: You are partially covered in iridescent
                  | scales. (AC +2) [potion of mutation]
 62829 | Zot:4    | Gained mutation: Armour fits poorly on your strangely
                  | shaped body. [potion of mutation]
 62829 | Zot:4    | Lost mutation: You have hidden genetic defects. [potion of
                  | mutation]
 62829 | Zot:4    | Gained mutation: You are agile. (Dex +4, Str/Int -1)
                  | [potion of mutation]
 62830 | Zot:4    | Lost mutation: You are agile. (Dex +4, Str/Int -1) [potion
                  | of mutation]
 62830 | Zot:4    | Lost mutation: Your body sometimes deteriorates upon taking
                  | damage. [potion of mutation]
 62830 | Zot:4    | Gained mutation: You do not regenerate when monsters are
                  | visible. [potion of mutation]
 62830 | Zot:4    | Gained mutation: You are strong-willed. (Will+) [potion of
                  | mutation]
 62830 | Zot:4    | Gained mutation: You are highly strong-willed. (Will++)
                  | [potion of mutation]
 63027 | Zot:4    | Received a gift from Okawaru
 63605 | Arena    | Entered the Arena
 63831 | Zot:4    | Reached XP level 26. HP: 104/193 MP: 25/28
 65123 | Zot:5    | Entered Level 5 of the Realm of Zot
 65242 | Zot:5    | Found Qutyn's Changing Room.
 65259 | Zot:5    | Bought a potion of lignification for 45 gold pieces
 65259 | Zot:5    | Bought a potion of mutation for 120 gold pieces
 65259 | Zot:5    | Bought a potion of lignification for 45 gold pieces
 65259 | Zot:5    | Lost mutation: Armour fits poorly on your strangely shaped
                  | body. [potion of mutation]
 65259 | Zot:5    | Lost mutation: You are highly strong-willed. (Will++)
                  | [potion of mutation]
 65259 | Zot:5    | Lost mutation: Your magical capacity is low. (-10% MP)
                  | [potion of mutation]
 65259 | Zot:5    | Gained mutation: Your mind is acute. (Int +4, Str/Dex -1)
                  | [potion of mutation]
 65278 | Zot:5    | Gained mutation: Your body sometimes deteriorates upon
                  | taking damage. [mutagenic glow]
 65292 | Zot:5    | Gained mutation: You sometimes lose your temper in combat.
                  | [mutagenic glow]
 65307 | Zot:5    | Gained mutation: Your magical capacity is low. (-10% MP)
                  | [mutagenic glow]
 65324 | Zot:5    | Gained mutation: You have an uncontrollable temper.
                  | [mutagenic glow]
 65344 | Zot:5    | Noticed an orb of fire
 65344 | Zot:5    | Noticed a dread lich
 65345 | Zot:5    | Noticed a dread lich
 65346 | Zot:5    | Noticed an orb of fire
 65347 | Arena    | Entered the Arena
 65347 | Arena    | Gained mutation: You occasionally lose the ability to read
                  | scrolls when taking damage. [an orb of fire]
 65363 | Arena    | Killed an orb of fire
 65372 | Arena    | Entered the Arena
 65386 | Arena    | Gained mutation: You have hidden genetic defects. [an orb
                  | of fire]
 65388 | Arena    | Killed an orb of fire
 65403 | Zot:5    | Killed a dread lich
 65411 | Zot:5    | Killed a dread lich
 65428 | Zot:5    | Noticed an ancient lich
 65441 | Zot:5    | Killed an ancient lich
 65453 | Zot:5    | Noticed a Killer Klown
 65478 | Zot:5    | Killed a Killer Klown
 65492 | Arena    | Entered the Arena
 65501 | Arena    | Gained mutation: You are weak. (Str -2) [hidden defects]
 65539 | Zot:5    | Noticed an ancient lich
 65549 | Zot:5    | Noticed an orb of fire
 65896 | Zot:5    | Found a transporter.
 65910 | Zot:5    | Found a bloodstained altar of Trog.
 65910 | Zot:5    | Identified the +1 cloak of the Tuna {rElec rF- rC+ Dex+8}
 65925 | Zot:5    | Noticed a Killer Klown
 65935 | Zot:5    | Got the Orb of Zot
 65943 | Zot:5    | Noticed an ancient lich
 65944 | Zot:5    | Noticed a dread lich
 65946 | Zot:5    | Noticed a dread lich
 66240 | Depths:4 | Noticed Feyr the pandemonium lord
 66247 | Depths:4 | Killed Feyr the pandemonium lord
 66808 | D:$      | Escaped with the Orb!

Illustrated notes

Levels and vault maps discovered:
D:1:      kilobyte_arrival_exit_the_forest, layout_loops_ring,
          chequers_ecumenical_altar_simple
D:2:      layout_basic, kennysheep_donut, st_stairs_7, uniq_terence
D:3:      wad_lake_hut, layout_basic
D:4:      layout_cave_pools
D:5:      layout_basic, grunt_temple_overflow_open, eino_curves_02
D:6:      layout_cave_pools, cheibrodos_sewer_entry_bend
D:7:      layout_basic, nicolae_hepliaklqana_hazy_memory,
          minmay_temple_entry_proselytizer
D:8:      layout_rooms, nicolae_hexahallways, uniq_joseph, uniq_gastronok,
          uniq_psyche, uniq_maggie
D:9:      layout_cave_pools
D:10:     layout_gridville, erik_orc_4
D:11:     minmay_smoke_and_mirrors, layout_loops_cross, lair_entry_dummy,
          nicolae_ru_sacrificial_ziggurat
D:12:     layout_rooms, minmay_misc_feat_doors
D:13:     layout_loops_ring, serial_shops, shop
D:14:     layout_cave_pools, grunt_vaults_entry_fortified, chequers_arboretum
D:15:     grunt_enter_depths_magical_seal, layout_cave_pools,
          grunt_gozag_breadcrumbs
Temple:   nicolae_temple_elliptical
Lair:1:   layout_big_grid, st_stairs_9, serial_bayou_shore_b, uniq_grum
Lair:2:   layout_roguey, minmay_swamp_entry_wisps, beast_lair_carwin_4,
          uniq_amaemon
Lair:3:   layout_loops_ring, nicolae_spider_entry_tight_spaces
Lair:4:   gammafunk_cloud_chamber, layout_cave_pods, slime_entry_1,
          gauntlet_entry_generic
Lair:5:   cheibrodos_lair_end_hotspot, layout_layer_cave
Swamp:1:  layout_falls_marsh, evilmike_swamp_ruin_rubble_2,
          beargit_elvish_explorers, infiniplex_staircase_pool
Swamp:2:  layout_falls_marsh, evilmike_swamp_ruin_wall, uniq_frances
Swamp:3:  nzn_winding_woodlands_three_and_one [nzn_winding_woodlands_5x15_eye,
          nzn_winding_woodlands_5x15_cabin,
          nzn_winding_woodlands_5x15_concentric,
          nzn_winding_woodlands_center_diamonds], layout_basic_swamp,
          basic_altar, swamp_pool1
Swamp:4:  swamp_icy, layout_basic_swamp
Spider:1: layout_spider_delve
Spider:2: layout_spider_delve
Spider:3: layout_cave_pods, gammafunk_ghost_berserking_beasts,
          nicolae_spider_stair_cavern
Spider:4: johnstein_spider_rune_arachne_lair, nicolae_spider_jagged_tunnels
Orc:1:    layout_diamond_mine, serial_shops, shop, basic_altar, uniq_nergalle
Orc:2:    st_orc_ogre_mass, layout_caves, basic_altar,
          ebering_ghost_inner_flame, uniq_erolcha
Vaults:1: nicolae_vaults_little_squares_5, vaults_room_hallway,
          hangedman_vaults_variations, vaults_dpeg_cross, grunt_vaults_swirl,
          v_rooms_3, vaults_standard_mumra_enter_the_diamond,
          hangedman_vaults_corner, nicolae_vaults_sealed_display,
          vaults_dpeg_hooks, grunt_vaults_hallway_short, ontoclasm_vaults_fault,
          hangedman_vaults_corner_blocks, nicolae_vaults_theta,
          layout_vaults_omnibox
Vaults:2: st_diamondy, v_misc_1, minmay_crypt_entry_simple_sparse,
          nicolae_vaults_gold_heap, v_misc_12, hangedman_vaults_maws, v_rooms_1,
          vaults_room_ringed_pool, v_alt_pattern_2, v_rooms_6,
          nicolae_vaults_little_ls, layout_vaults_ring, serial_shops, shop
Vaults:3: vaults_mumra_minichess_inversion, nicolae_vaults_what_the_h,
          vaults_room_glass_cross, nicolae_vaults_little_squares_3,
          vaults_mumra_minichess, nicolae_vaults_network_periphery,
          vaults_mumra_hex, nicolae_vaults_little_squares_6,
          vaults_room_hallway, layout_vaults_omnigrid
Vaults:4: vaults_room_stairs_pillars, kb_rosetta,
          nicolae_vaults_twisting_passages, vaults_room_grunt_arrival_ludios,
          hangedman_vaults_trim, v_alt_pattern_3, nicolae_vaults_shelves_hall,
          v_misc_11, hangedman_vaults_locks, ontoclasm_vaults_shuriken,
          vaults_dpeg_ring, v_alt_pattern_1, nicolae_vaults_little_squares_1,
          ontoclasm_vaults_ring_square, nicolae_vaults_diagonal_hallway_9,
          vaults_room_hallway, layout_vaults_maze_snakey, serial_shops, shop
Vaults:5: uniq_sojobo, uniq_saint_roka
Depths:1: layout_honeycomb, enter_ziggurat_d, hellmouth_2, abyss_entry,
          st_stairs_1, nicolae_shop_self_help
Depths:2: lightli_eight_chambers, layout_cave_pools, rand_demon_pan_entry_5,
          abyss_entry, hell_entry, nicolae_dithmenos_shadow_blocks,
          serial_bayou_shore_b, uniq_aizul
Depths:3: minmay_guarded_unrand_majin_bo, layout_gridlike,
          grunt_hell_entry_dis_mu, abyss_entry, serial_shops, shop,
          kennysheep_another_room, nicolae_shop_sticking_my_neck_out
Depths:4: evilmike_zot_entry_gauntlet, layout_gridlike, nicolae_sextant,
          hell_entry
Zot:1:    dreamdust_zin_vs_xom, layout_misc_corridors, evilmike_ambush
          [evilmike_ambush_outer_doors, evilmike_ambush_inner_pond],
          grunt_megastairs_2, uniq_parghit, uniq_grunn
Zot:2:    layout_concentric_octagons, grunt_megastairs_1
Zot:3:    hellmonk_paralyzer, layout_basic
Zot:4:    grunt_twist_and_shout, layout_onion, grunt_ministairs_11,
          hangedman_hellfire_club
Zot:5:    layout_gridville, gammafunk_ghost_wrathful_warriors,
          nicolae_transmutations_shop

Skill      XL: |  1  2  3  4  5  6  7  8  9 10 11 12 13 14 15 16 17 18 19 20 21 22 23 24 25 26 |
---------------+-------------------------------------------------------------------------------+-----
Maces & Flails | 1 2 3 4 6 8 9 11 12 | 12.2
Fighting       | 4 5 6 9 10 13 15 17 19 21 22 25 27 | 27.0
Armour         | 2 3 5 9 10 13 15 16 18 20 21 23 24 | 24.5
Dodging        | 4 5 8 10 12 14 15 17 18 20 21 | 21.4
Invocations    | 2 6 10 12 | 12.0
Evocations     | 5 6 10 11 13 14 | 14.0
Shields        | 7 10 11 14 15 | 15.0
Stealth        | |  1.1

Action                   |  1- 3 |  4- 6 |  7- 9 | 10-12 | 13-15 | 16-18 | 19-21 | 22-24 | 25-27 || total
-------------------------+-------+-------+-------+-------+-------+-------+-------+-------+-------++-------
Melee: Short sword       |    63 |       |       |       |       |       |       |       |       ||    63
       Club              |     2 |       |       |       |       |       |       |       |       ||     2
       Flail             |     7 |   140 |   327 |   825 |   682 |       |     6 |   156 |       ||  2143
       Mace              |       |       |       |     5 |    75 |       |       |       |       ||    80
       Bite              |       |       |       |       |   259 |   363 |   530 |   441 |    62 ||  1655
       Demon whip        |       |       |       |       |   890 |  2090 |  2359 |  2107 |  1106 ||  8552
       Sacred scourge    |       |       |       |       |       |       |       |       |   147 ||   147
Throw: Dart              |       |       |       |     1 |       |       |       |       |       ||     1
Invok: Heroism           |       |       |       |    10 |    16 |     9 |    12 |    14 |    13 ||    74
       Finesse           |       |       |       |     4 |    14 |     8 |    12 |    13 |    11 ||    62
       Duel              |       |       |       |     1 |       |     1 |       |       |     4 ||     6
 Abil: Evoke Blink       |       |       |       |       |       |       |       |     1 |     6 ||     7
       Evoke Invisibilit |       |       |       |       |       |       |       |       |     2 ||     2
Evoke: Wand              |       |       |       |    10 |     4 |       |     6 |     4 |     1 ||    25
       Condenser vane    |       |       |       |       |       |     1 |     1 |     1 |     2 ||     5
       Lightning rod     |       |       |       |       |       |       |    10 |     4 |       ||    14
  Use: Scroll            |     8 |     4 |     2 |     5 |    15 |     6 |    10 |    17 |    17 ||    84
       Potion            |     4 |       |     1 |     3 |     5 |    11 |     8 |     3 |    28 ||    63
 Stab: Sleeping          |     3 |       |       |       |       |       |       |       |       ||     3
       Paralysed         |       |       |       |       |     1 |       |     4 |       |       ||     5
       Petrified         |       |       |       |       |     6 |       |       |       |       ||     6
Armor: Leather armour    |    23 |       |       |       |       |       |       |       |       ||    23
       Skin              |     2 |       |       |     4 |       |       |       |       |       ||     6
       Ring mail         |       |    78 |    32 |       |       |       |       |       |       ||   110
       Scale mail        |       |       |   115 |       |       |       |       |       |       ||   115
       Chain mail        |       |       |       |   407 |    82 |       |       |       |       ||   489
       Plate armour      |       |       |       |   104 |   790 |  1320 |  1124 |   798 |       ||  4136
       Gold dragon scale |       |       |       |       |       |       |       |   602 |   790 ||  1392
Dodge: Dodged            |    34 |    70 |   115 |   311 |   514 |   803 |   759 |   963 |   547 ||  4116
Block: Buckler           |    33 |    84 |   138 |   349 |   606 |   779 |   875 |  1001 |   536 ||  4401
       Reflection        |       |       |       |     9 |    21 |    26 |    77 |    60 |    66 ||   259
